 Dungeon Sprint DCSS version 0.31-a0-18-gea43df2a32 (webtiles) character file.

Game seed: 14996864577266406230

109 bmack86 the Trooper (level 4, -2/47 HPs)
             Began as a Minotaur Berserker on May 10, 2023.
             Was a Follower of Trog.
             Slain by Sigmund
             ... wielding a +0 scythe
              (6 damage)
             ... in the Dungeon (Sprint I: "Red Sonja").
             The game lasted 00:00:53 (101 turns).

bmack86 the Trooper (Minotaur Berserker)             Turns: 101, Time: 00:00:53

Health: -2/47      AC:  7    Str: 24    XL:     4   Next: 60%
Magic:  3/3        EV: 11    Int:  4    God:    Trog [*.....]
Gold:   54         SH:  0    Dex:  9    Spells: 3/3 levels left

rFire   . . .        a - +0 hand axe
rCold   . . .        (no shield)
rNeg    . . .        j - +0 scale mail
rPois   .            (helmet restricted)
rElec   .            (no cloak)
rCorr   .            (no gloves)
SInv    .            (no boots)
Will    .....        (no amulet) Stlth
                     (no ring)
HPRegen 0.27/turn    (no ring)
MPRegen 0.08/turn

%: no teleportation
@: on berserk cooldown
A: horns 2, retaliatory headbutt
a: Renounce Religion, Berserk


You were in the Dungeon.
You worshipped Trog.
Trog was aware of your devotion.
You visited 1 branch You collected 54 gold pieces.

Inventory:

Hand Weapons
 a - a +0 hand axe (weapon)
Armour
 b - a +0 animal skin
 j - a +0 scale mail (worn)
Wands
 i - a wand of mindburst (12)
Scrolls
 h - a scroll of blinking
Potions
 c - a potion of curing
 d - a potion of heal wounds
 e - a potion of haste
 f - 2 potions of magic
 g - a potion of berserk rage


   Skills:
 + Level 7.5 Fighting
 + Level 7.5 Axes
 + Level 5.9 Armour
 - Level 3.1 Dodging


You had 3 spell levels left.
You didn't know any spells.
Your spell library was empty.

Dungeon Overview and Level Annotations

Branches:
Dungeon (1/1)

Altars:

Annotations:
D Sigmund


Innate Abilities, Weirdness & Mutations

You have a pair of horns on your head.
You reflexively headbutt those who attack you in melee.


Message History

You bump into the stone wall.
Sigmund barely misses you.
Sigmund hits you from afar with a +0 scythe.
You bump into the rock wall.
Sigmund hits you from afar with a +0 scythe.
You feel less confused.
Sigmund casts a spell.
Sigmund flickers and vanishes!
Deactivating autopickup; reactivate with Ctrl-A.
A magic dart appears from out of thin air!
The magic dart hits you. Something hits you but does no damage.
There is an open door, spattered with blood here.
Something hits you but does no damage. Something hits you.
Something hits you but does no damage.
You miss something. Something hits you.
You closely miss something. Something hits you.
You hit something. Something hits you!
* * * LOW HITPOINT WARNING * * *
You slash something!
You hear some strange, mumbled words.
Something tries to affect you, but you resist.
You barely miss something. You headbutt something.
Something hits you but does no damage.
You closely miss something. You headbutt something!
Something hits you but does no damage.
You barely miss something. Something hits you!
* * * LOW HITPOINT WARNING * * *
You closely miss something.
You feel yourself speed up. Something hits you but does no damage.
You completely miss something. Something hits you.
* * * LOW HITPOINT WARNING * * *
You hit something. Your headbutt misses something. You miss something.
Something hits you but does no damage.
You barely miss something. You miss something. Your headbutt misses something.
Something hits you but does no damage.
You barely miss something. Something hits you.
You die...

#############
#<.#..)..#..+
#..)..#.@{..#
#..#####'####
#..# #..#
#..# ####
#..# #⌠⌠#
####


There were no monsters in sight!

Vanquished Creatures
  An ogre (D)
  Ijyb (D)
2 creatures vanquished.

Notes
Turn   | Place    | Note
-------+----------+-------------------------------------------
     0 | D        | bmack86 the Minotaur Berserker began the quest for the Orb.
     0 | D        | Reached XP level 1. HP: 19/19 MP: 0/0
     2 | D        | Noticed Ijyb
    10 | D        | Killed Ijyb
    11 | D        | Reached skill level 5 in Fighting
    11 | D        | Reached skill level 5 in Axes
    11 | D        | Reached XP level 2. HP: 29/29 MP: 1/1
    52 | D        | Noticed an ogre
    57 | D        | Killed an ogre
    58 | D        | Reached skill level 5 in Armour
    58 | D        | Reached XP level 3. HP: 30/39 MP: 2/2
    58 | D        | Reached XP level 4. HP: 37/47 MP: 3/3
    71 | D        | Noticed Sigmund
   101 | D        | Slain by Sigmund

Illustrated notes

Levels and vault maps discovered:
D:        dungeon_sprint_1 [red_sonja_temple_1, red_sonja_temple_small_1]

Skill      XL: |  1  2 |
---------------+-------+-----
Fighting       | 5 7 |  7.5
Axes           | 5 7 |  7.5
Armour         | 3 5 |  5.9
Dodging        | 3 |  3.1

Action                     |  1- 3 |  4- 6 || total
---------------------------+-------+-------++-------
  Melee: Hand axe          |    11 |    14 ||    25
         Headbutt          |     3 |     2 ||     5
 Invoke: Berserk           |     1 |     1 ||     2
 Armour: Scale mail        |       |     9 ||     9
  Dodge: Dodged            |     5 |     1 ||     6

Table legend: (Time is in decaauts)
 A = Elapsed time spent in this place.
 B = Non-inter-level travel time spent in this place.
 C = Inter-level travel time spent in this place.
 D = Time resting spent in this place.
 E = Time spent auto-exploring this place.
 F = Levels seen in this place.
 G = Mean time per level.
                   A        B        C        D        E       F      G
               +--------+--------+--------+--------+--------+-----+--------+
         Total |    116 |    116 |      0 |     26 |      0 |   1 |  116.0 |
       Dungeon |    116 |    116 |      0 |     26 |      0 |   1 |  116.0 |
               +--------+--------+--------+--------+--------+-----+--------+

Top non-repeatable levels by time:
       D: 116 daAuts
